Workbook
Name Comprobantes: '[1]Tabla de Comprobantes'!$A$3:$A$65
Name PC: '[1]Tabla de Comprobantes'!$E$3:$E$14

Sheet Visão geral do orçamento
A1: Resumo da Especificação ORÇAMENTAL de Construção
A3: Nome da Empresa: | B3: XYZ | D3: Nome do Cliente: | E3: ABC
A4: Morada: | B4: hgjGjkdh | D4: Morada: | E4: Ilha
A5: Número de telemóvel: | B5: 215796233 | D5: Número de telemóvel: | E5: 215796233
A7: DESCRIÇÃO | B7: PREÇO | C7: % DESCONTO | D7: PREÇO DE VENDA | E7: TOTAL
A8: Começar | B8: =+'Detalhes orçamentais'!F13 -> 2390 | C8: 0.05 | D8: =+B8-(B8*C8) -> 2270.5 | E8: =+D8 -> 2270.5
A9: Demolição | B9: =+'Detalhes orçamentais'!F20 -> 1109 | C9: 0 | D9: =+B9-(B9*C9) -> 1109 | E9: =+D9 -> 1109
A10: Drenagem industrial | B10: =+'Detalhes orçamentais'!F27 -> 1670 | C10: 0 | D10: =+B10-(B10*C10) -> 1670 | E10: =+D10 -> 1670
A11: Estrutura de betão - Chão de betão | B11: =+'Detalhes orçamentais'!F32 -> 1507 | C11: 0 | D11: =+B11-(B11*C11) -> 1507 | E11: =+D11 -> 1507
A12: Poliuretano-Boden | B12: =+'Detalhes orçamentais'!F46 -> 565 | C12: 0 | D12: =+B12-(B12*C12) -> 565 | E12: =+D12 -> 565
A13: Alvenaria de pavimento em betão | B13: =+'Detalhes orçamentais'!F50 -> 42 | C13: 0 | D13: =+B13-(B13*C13) -> 42 | E13: =+D13 -> 42
A14: Exaustivo | B14: =+'Detalhes orçamentais'!F55 -> 106 | C14: 0 | D14: =+B14-(B14*C14) -> 106 | E14: =+D14 -> 106
A15: Revestimentos | B15: =+'Detalhes orçamentais'!F61 -> 96 | C15: 0 | D15: =+B15-(B15*C15) -> 96 | E15: =+D15 -> 96
A16: Teto | B16: =+'Detalhes orçamentais'!F64 -> 15 | C16: 0 | D16: =+B16-(B16*C16) -> 15 | E16: =+D16 -> 15
A17: Carpintaria | B17: =+'Detalhes orçamentais'!F73 -> 303 | C17: 0 | D17: =+B17-(B17*C17) -> 303 | E17: =+D17 -> 303
A18: Instalação elétrica | B18: =+'Detalhes orçamentais'!F77 -> 27 | C18: 0 | D18: =+B18-(B18*C18) -> 27 | E18: =+D18 -> 27
A19: Sistema de água | B19: =+'Detalhes orçamentais'!F87 -> 206 | C19: 0 | D19: =+B19-(B19*C19) -> 206 | E19: =+D19 -> 206
A20: Pintura | B20: =+'Detalhes orçamentais'!F91 -> 6 | C20: 0 | D20: =+B20-(B20*C20) -> 6 | E20: =+D20 -> 6
A21: Limpeza do edifício | B21: =+'Detalhes orçamentais'!F94 -> 55 | C21: 0 | D21: =+B21-(B21*C21) -> 55 | E21: =+D21 -> 55
B22: 0 | C22: 0 | D22: =+B22-(B22*C22) -> 0 | E22: =+D22 -> 0
B23: 0 | D23: =+B23-(B23*C23) -> 0 | E23: =+D23 -> 0
B24: 0 | D24: =+B24-(B24*C24) -> 0 | E24: =+D24 -> 0
B25: 0 | D25: =+B25-(B25*C25) -> 0 | E25: =+D25 -> 0
D26: SUBTOTAL | E26: =SUBTOTAL(109,Table2[TOTAL]) -> 7977.5
D27: IVA (%) | E27: 0.21
D28: QUANTIA DO CUBA | E28: =+E26*E27 -> 1675.275
D29: Total | E29: =+E28+E26 -> 9652.775

Sheet Detalhes orçamentais
A1: DETALHES ZUM BAUBUDGET
A4: Sl. NÃO | B4: NOME | C4: Unidades | D4: QUANTIDADE | E4: PREÇO UNITÁRIO | F4: TOTAL
A5: 01 | B5: Escritório - Sanitas Químicas | C5: Gl | D5: 1 | E5: 200 | F5: =+Table1[[#This Row],[PREÇO UNITÁRIO]]*Table1[[#This Row],[QUANTIDADE]] -> 200
A6: 02 | B6: Serviço de segurança higiénica | C6: Gl | D6: 1 | E6: 300 | F6: =+Table1[[#This Row],[PREÇO UNITÁRIO]]*Table1[[#This Row],[QUANTIDADE]] -> 300
A7: 03 | B7: Representante Técnico | C7: Gl | D7: 1 | E7: 120 | F7: =+Table1[[#This Row],[PREÇO UNITÁRIO]]*Table1[[#This Row],[QUANTIDADE]] -> 120
A8: 04 | B8: Habitação isolante para a área (construção de tubos + filme PE, aprox. 200 m²) 30,00X4,50 | C8: m | D8: 1 | E8: 50 | F8: =+Table1[[#This Row],[PREÇO UNITÁRIO]]*Table1[[#This Row],[QUANTIDADE]] -> 50
A9: 05 | B9: La falegnameria decolla | C9: Gl | D9: 1 | E9: 200 | F9: =+Table1[[#This Row],[PREÇO UNITÁRIO]]*Table1[[#This Row],[QUANTIDADE]] -> 200
A10: 06 | B10: Paragem e desmontagem de sistemas de canalização/elétricos | C10: Gl | D10: 1 | E10: 1220 | F10: =+Table1[[#This Row],[PREÇO UNITÁRIO]]*Table1[[#This Row],[QUANTIDADE]] -> 1220
A11: 07 | B11: Desmontagem de tetos suspensos de painéis Durlock removíveis | C11: m | D11: 1 | E11: 100 | F11: =+Table1[[#This Row],[PREÇO UNITÁRIO]]*Table1[[#This Row],[QUANTIDADE]] -> 100
A12: 08 | B12: Serra e demolição de pavimentos de betão. | C12: m | D12: 1 | E12: 200 | F12: =+Table1[[#This Row],[PREÇO UNITÁRIO]]*Table1[[#This Row],[QUANTIDADE]] -> 200
B13: Começar | F13: =SUM(F5:F12) -> 2390
A15: 09 | B15: Serra e demolição de pavimentos de betão. Drenagem. Sala EPR | C15: m | D15: 2 | E15: 300 | F15: =+Table1[[#This Row],[PREÇO UNITÁRIO]]*Table1[[#This Row],[QUANTIDADE]] -> 600
A16: 10 | B16: Serragem e demolição do pavimento na área do vestíbulo, espessura 0,20 | C16: m | D16: 1 | E16: 200 | F16: =+Table1[[#This Row],[PREÇO UNITÁRIO]]*Table1[[#This Row],[QUANTIDADE]] -> 200
A17: 11 | B17: Serra e nivelamento do chão na sala de sucos e no canal de drenagem, 0,10 m | C17: m | D17: 1 | E17: 122 | F17: =+Table1[[#This Row],[PREÇO UNITÁRIO]]*Table1[[#This Row],[QUANTIDADE]] -> 122
A18: 12 | B18: Escarificação do piso existente por nivelamento. Piso de nivelamento inclinado. | C18: m | D18: 1 | E18: 88 | F18: =+Table1[[#This Row],[PREÇO UNITÁRIO]]*Table1[[#This Row],[QUANTIDADE]] -> 88
A19: 13 | B19: Demolição de alvenaria em tijolo | C19: m | D19: 1 | E19: 99 | F19: =+Table1[[#This Row],[PREÇO UNITÁRIO]]*Table1[[#This Row],[QUANTIDADE]] -> 99
B20: Demolição | F20: =SUM(F15:F19) -> 1109
A22: 14 | B22: Tubo de PVC. D:0.064 | C22: Ml. | D22: 1 | E22: 281 | F22: =+Table1[[#This Row],[PREÇO UNITÁRIO]]*Table1[[#This Row],[QUANTIDADE]] -> 281
A23: 15 | B23: Ralo de piso em PVC 100X100x3.2, sifão com tampa de bronze | C23: Não | D23: 1 | E23: 92 | F23: =+Table1[[#This Row],[PREÇO UNITÁRIO]]*Table1[[#This Row],[QUANTIDADE]] -> 92
A24: 16 | B24: Canal 0,30x2,10 com estrutura e grelha em aço inoxidável. | C24: Ml. | D24: 1 | E24: 551 | F24: =+Table1[[#This Row],[PREÇO UNITÁRIO]]*Table1[[#This Row],[QUANTIDADE]] -> 551
A25: 17 | B25: Ligação e ligação à divisão existente. | C25: Não | D25: 1 | E25: 718 | F25: =+Table1[[#This Row],[PREÇO UNITÁRIO]]*Table1[[#This Row],[QUANTIDADE]] -> 718
A26: 18 | B26: Reconstrução do chão de betão, espessura 0,20 | C26: m | D26: 1 | E26: 28 | F26: =+Table1[[#This Row],[PREÇO UNITÁRIO]]*Table1[[#This Row],[QUANTIDADE]] -> 28
B27: Drenagem industrial | F27: =SUM(F22:F26) -> 1670
A29: 19 | B29: Viga de corrente em alvenaria de blocos de betão 0,20x0,20 | C29: Ml. | D29: 1 | E29: 288 | F29: =+Table1[[#This Row],[PREÇO UNITÁRIO]]*Table1[[#This Row],[QUANTIDADE]] -> 288
A30: 20 | B30: Chão de betão, espessura 0,20 | C30: m | D30: 1 | E30: 899 | F30: =+Table1[[#This Row],[PREÇO UNITÁRIO]]*Table1[[#This Row],[QUANTIDADE]] -> 899
A31: 21 | B31: Rodapés sanitários | C31: Ml. | D31: 1 | E31: 320 | F31: =+Table1[[#This Row],[PREÇO UNITÁRIO]]*Table1[[#This Row],[QUANTIDADE]] -> 320
B32: Estrutura de betão - Chão de betão | F32: =SUM(F29:F31) -> 1507
A34: 22 | B34: Lixamento, preparação do substrato, nivelamento / novos pavimentos | C34: m | D34: 1 | E34: 50 | F34: =+Table1[[#This Row],[PREÇO UNITÁRIO]]*Table1[[#This Row],[QUANTIDADE]] -> 50
A35: 23 | B35: Morteiro de nivelamento | C35: m | D35: 1 | E35: 60 | F35: =+Table1[[#This Row],[PREÇO UNITÁRIO]]*Table1[[#This Row],[QUANTIDADE]] -> 60
A36: 24 | B36: Revestimento de poliuretano | C36: m | D36: 1 | E36: 70 | F36: =+Table1[[#This Row],[PREÇO UNITÁRIO]]*Table1[[#This Row],[QUANTIDADE]] -> 70
A37: 25 | B37: Anti-Kratz-Lack | C37: m | D37: 1 | E37: 50 | F37: =+Table1[[#This Row],[PREÇO UNITÁRIO]]*Table1[[#This Row],[QUANTIDADE]] -> 50
A38: 26 | B38: Fendas das serras | C38: Ml. | D38: 1 | E38: 43 | F38: =+Table1[[#This Row],[PREÇO UNITÁRIO]]*Table1[[#This Row],[QUANTIDADE]] -> 43
A39: 27 | B39: Etanchéité du joint | C39: Ml. | D39: 1 | E39: 11 | F39: =+Table1[[#This Row],[PREÇO UNITÁRIO]]*Table1[[#This Row],[QUANTIDADE]] -> 11
A40: 28 | B40: Construção de rodapés sanitários. | C40: Ml. | D40: 1 | E40: 23 | F40: =+Table1[[#This Row],[PREÇO UNITÁRIO]]*Table1[[#This Row],[QUANTIDADE]] -> 23
A41: 29 | B41: Lixamento do chão existente para repintura | C41: m | D41: 1 | E41: 89 | F41: =+Table1[[#This Row],[PREÇO UNITÁRIO]]*Table1[[#This Row],[QUANTIDADE]] -> 89
A42: 30 | B42: Aplicação de argamassa | C42: m | D42: 1 | E42: 92 | F42: =+Table1[[#This Row],[PREÇO UNITÁRIO]]*Table1[[#This Row],[QUANTIDADE]] -> 92
A43: 31 | B43: Aplicação da Pintura | C43: m | D43: 1 | E43: 11 | F43: =+Table1[[#This Row],[PREÇO UNITÁRIO]]*Table1[[#This Row],[QUANTIDADE]] -> 11
A44: 32 | B44: Limpeza e vedação de juntas | C44: Ml. | D44: 1 | E44: 54 | F44: =+Table1[[#This Row],[PREÇO UNITÁRIO]]*Table1[[#This Row],[QUANTIDADE]] -> 54
A45: 33 | B45: Repintura dos rodapés | C45: Ml. | D45: 1 | E45: 12 | F45: =+Table1[[#This Row],[PREÇO UNITÁRIO]]*Table1[[#This Row],[QUANTIDADE]] -> 12
B46: Poliuretano-Boden | F46: =SUM(F34:F45) -> 565
A48: 34 | B48: Blocos de betão lisos padrão 12x19x39 (19x19x39) | C48: m | D48: 1 | E48: 21 | F48: =+Table1[[#This Row],[PREÇO UNITÁRIO]]*Table1[[#This Row],[QUANTIDADE]] -> 21
A49: 35 | B49: Colunas de reforço com blocos 0,20x0,20x4,00 (19x19x39) | C49: Ml. | D49: 1 | E49: 21 | F49: =+Table1[[#This Row],[PREÇO UNITÁRIO]]*Table1[[#This Row],[QUANTIDADE]] -> 21
B50: Alvenaria de pavimento em betão | F50: =SUM(F48:F49) -> 42
A52: 36 | B52: Jateamento de betão com repelente de água | C52: m | D52: 1 | E52: 44 | F52: =+Table1[[#This Row],[PREÇO UNITÁRIO]]*Table1[[#This Row],[QUANTIDADE]] -> 44
A53: 37 | B53: Reboco espesso por baixo do revestimento | C53: m | D53: 1 | E53: 21 | F53: =+Table1[[#This Row],[PREÇO UNITÁRIO]]*Table1[[#This Row],[QUANTIDADE]] -> 21
A54: 38 | B54: Rede de fibra ótica | C54: m | D54: 1 | E54: 41 | F54: =+Table1[[#This Row],[PREÇO UNITÁRIO]]*Table1[[#This Row],[QUANTIDADE]] -> 41
B55: Exaustivo | F55: =SUM(F52:F54) -> 106
A57: 39 | B57: Revestimento de azulejos brancos | C57: m | D57: 1 | E57: 41 | F57: =+Table1[[#This Row],[PREÇO UNITÁRIO]]*Table1[[#This Row],[QUANTIDADE]] -> 41
A58: 40 | B58: Revestimento padrão de painéis Durlock de 12,5 mm sem estrutura metálica | C58: m | D58: 1 | E58: 22 | F58: =+Table1[[#This Row],[PREÇO UNITÁRIO]]*Table1[[#This Row],[QUANTIDADE]] -> 22
A59: 41 | B59: Protetor sanitário de canto com superfície livre de ferrugem | C59: Ml. | D59: 1 | E59: 12 | F59: =+Table1[[#This Row],[PREÇO UNITÁRIO]]*Table1[[#This Row],[QUANTIDADE]] -> 12
A60: 42 | B60: Capas para placas Durlock | C60: m | D60: 1 | E60: 21 | F60: =+Table1[[#This Row],[PREÇO UNITÁRIO]]*Table1[[#This Row],[QUANTIDADE]] -> 21
B61: Revestimentos | F61: =SUM(F57:F60) -> 96
A63: 43 | B63: Teto removível em painéis Durlock 0,60x1,21 | C63: m | D63: 1 | E63: 15 | F63: =+Table1[[#This Row],[PREÇO UNITÁRIO]]*Table1[[#This Row],[QUANTIDADE]] -> 15
B64: Teto | F64: =SUM(F63) -> 15
A66: 44 | B66: Fachada envidraçada com painéis fixos 3,95x3,70 TIPO M1 | C66: Não | D66: 1 | E66: 55 | F66: =+Table1[[#This Row],[PREÇO UNITÁRIO]]*Table1[[#This Row],[QUANTIDADE]] -> 55
A67: 45 | B67: Fachada envidraçada com painéis fixos do tipo 2,20x3,70 M2 | C67: Não | D67: 1 | E67: 22 | F67: =+Table1[[#This Row],[PREÇO UNITÁRIO]]*Table1[[#This Row],[QUANTIDADE]] -> 22
A68: 46 | B68: Porta articulada 0,80x2,00 tipo P1 COM FECHADURA/VIDRO LAMINADO/FECHADURA. | C68: Não | D68: 1 | E68: 1 | F68: =+Table1[[#This Row],[PREÇO UNITÁRIO]]*Table1[[#This Row],[QUANTIDADE]] -> 1
A69: 47 | B69: Painel frontal removível 3.10x3.70 | C69: Não | D69: 1 | E69: 2 | F69: =+Table1[[#This Row],[PREÇO UNITÁRIO]]*Table1[[#This Row],[QUANTIDADE]] -> 2
A70: 48 | B70: Painel de Janela Fixa V1 2.00X0.85 | C70: Não | D70: 1 | E70: 4 | F70: =+Table1[[#This Row],[PREÇO UNITÁRIO]]*Table1[[#This Row],[QUANTIDADE]] -> 4
A71: 49 | B71: Cortinas de tiras de PVC. 1,60X2,05 com suporte em aço inoxidável. | C71: Não | D71: 1 | E71: 99 | F71: =+Table1[[#This Row],[PREÇO UNITÁRIO]]*Table1[[#This Row],[QUANTIDADE]] -> 99
A72: 50 | B72: Portão deslizante 1.60x2.05 com via superior. Lâminas brancas | C72: Não | D72: 1 | E72: 120 | F72: =+Table1[[#This Row],[PREÇO UNITÁRIO]]*Table1[[#This Row],[QUANTIDADE]] -> 120
B73: Carpintaria | F73: =SUM(F66:F72) -> 303
A75: 51 | B75: Grip | C75: Ml | D75: 1 | E75: 15 | F75: =+Table1[[#This Row],[PREÇO UNITÁRIO]]*Table1[[#This Row],[QUANTIDADE]] -> 15
A76: 52 | B76: Instalação de tubos com 2 saídas | C76: Gl | D76: 1 | E76: 12 | F76: =+Table1[[#This Row],[PREÇO UNITÁRIO]]*Table1[[#This Row],[QUANTIDADE]] -> 12
B77: Instalação elétrica | F77: =SUM(F75:F76) -> 27
A79: 53 | B79: Mangueira selada termicamente 3/4" | C79: Ml | D79: 1 | E79: 12 | F79: =+Table1[[#This Row],[PREÇO UNITÁRIO]]*Table1[[#This Row],[QUANTIDADE]] -> 12
A80: 54 | B80: Válvula de esfera de 3/4" | C80: Não | D80: 1 | E80: 12 | F80: =+Table1[[#This Row],[PREÇO UNITÁRIO]]*Table1[[#This Row],[QUANTIDADE]] -> 12
A81: 55 | B81: Válvula de corte de 1/2" | C81: Não | D81: 1 | E81: 19 | F81: =+Table1[[#This Row],[PREÇO UNITÁRIO]]*Table1[[#This Row],[QUANTIDADE]] -> 19
A82: 56 | B82: Mangueiras de 1/2" | C82: Não | D82: 1 | E82: 29 | F82: =+Table1[[#This Row],[PREÇO UNITÁRIO]]*Table1[[#This Row],[QUANTIDADE]] -> 29
A83: 57 | B83: Parafusos de alavanca única do tipo FV | C83: Não | D83: 1 | E83: 77 | F83: =+Table1[[#This Row],[PREÇO UNITÁRIO]]*Table1[[#This Row],[QUANTIDADE]] -> 77
A84: 58 | B84: Pia de aço inoxidável. Mural. | C84: Não | D84: 1 | E84: 12 | F84: =+Table1[[#This Row],[PREÇO UNITÁRIO]]*Table1[[#This Row],[QUANTIDADE]] -> 12
A85: 59 | B85: Esquentador elétrico de 30 litros. | C85: Não | D85: 1 | E85: 33 | F85: =+Table1[[#This Row],[PREÇO UNITÁRIO]]*Table1[[#This Row],[QUANTIDADE]] -> 33
A86: 60 | B86: Fv de sifão cromado direto. | C86: Não | D86: 1 | E86: 12 | F86: =+Table1[[#This Row],[PREÇO UNITÁRIO]]*Table1[[#This Row],[QUANTIDADE]] -> 12
B87: Sistema de água | F87: =SUM(F79:F86) -> 206
A89: 61 | B89: Primeiro | C89: m | D89: 1 | E89: 5 | F89: =+Table1[[#This Row],[PREÇO UNITÁRIO]]*Table1[[#This Row],[QUANTIDADE]] -> 5
A90: 62 | B90: Tinta látex para exteriores, antifúngico, tinta geral. | C90: m | D90: 1 | E90: 1 | F90: =+Table1[[#This Row],[PREÇO UNITÁRIO]]*Table1[[#This Row],[QUANTIDADE]] -> 1
B91: Pintura | F91: =SUM(F89:F90) -> 6
A93: 63 | B93: Limpeza do edifício | C93: Hs | D93: 1 | E93: 55 | F93: =+Table1[[#This Row],[PREÇO UNITÁRIO]]*Table1[[#This Row],[QUANTIDADE]] -> 55
B94: Limpeza do edifício | F94: =SUM(F93) -> 55
